Map: Acropolis LE

Players

Ender - Winner!

  • Race: Zerg Zerg
  • League: Diamond
  • Spawn Location: 11:00

pHARM

  • Race: Zerg Zerg
  • League: Platinum
  • Spawn Location: 5:00

VOD

Have the link to the VOD?

Description

Time

  • Played on: Sept. 16, 2019, 11:05 p.m.
  • Length: 8:22
Show
View Real Time Build Order
Export as new Build Order

Ender Zerg - Winner!

Build Orders: Pool First 

Get SALT Encoding   

  12  0:01  Drone  
  13  0:13  Overlord  
  13  0:19  Drone  
  14  0:32  Drone x2  
  16  0:39  Drone  
  17  0:45  Spawning Pool  
  17  0:49  Extractor  
  15  0:51  Drone  
  16  1:00  Drone  
  17  1:09  Drone  
  18  1:23  Drone  
  18  1:25  Hatchery  
  18  1:29  Drone  
  19  1:38  Queen  
  21  1:42  Zergling x2  
  22  1:51  Metabolic Boost  
  22  2:00  Overlord  
  22  2:23  Drone x2  
  24  2:30  Drone  
  25  2:40  Drone x2  
  25  2:42  Queen  
  29  2:48  Zergling x2  
  29  2:49  Zergling x2  
  31  2:58  Drone x3  
  34  3:07  Drone x2  
  34  3:12  Overlord, Hatchery  
  35  3:23  Drone  
  35  3:25  Overlord  
  36  3:30  Queen  
  38  3:40  Drone x3  
  41  3:49  Drone x4  
  41  3:52  Evolution Chamber, Roach Warren, Extractor  
  41  3:53  Extractor  
  42  3:55  Drone x2  
  42  3:58  Drone  
  44  4:08  Drone  
  44  4:09  Drone x2  
  47  4:25  Drone x3  
  47  4:30  Drone x2  
  52  4:32  Zergling x2  
  52  4:33  Overlord x2  
  52  4:37  Lair  
  53  4:48  Drone x5  
  58  4:55  Zerg Missile Weapons Level 1  
  58  4:59  Drone x4  
  62  5:02  Overlord  
  62  5:06  Drone  
  63  5:07  Extractor  
  63  5:12  Spore Crawler  
  61  5:15  Spore Crawler  
  61  5:18  Drone, Spore Crawler  
  61  5:19  Drone x5  
  65  5:31  Roach x4  
  65  5:32  Roach x4  
  81  5:41  Overlord, Zergling x2  
  82  5:47  Extractor  
  81  5:55  Glial Reconstitution  
  81  5:59  Overlord  
  81  6:00  Overlord  
  81  6:07  Roach  
  81  6:08  Roach x3  
  89  6:23  Roach  
  89  6:24  Roach x7  
  105  6:25  Overlord x2  
  105  6:26  Overlord x2  
  102  6:52  Roach  
  102  6:53  Roach x14  
  114  7:06  Roach x3  
  114  7:20  Roach x9  
  132  7:32  Queen  
  134  7:39  Roach  
  134  7:41  Ravager  
  137  7:44  Overlord x3  
  137  7:45  Overlord  
  135  8:03  Roach x11  
Show
View Real Time Build Order
Export as new Build Order

pHARM Zerg 

Build Orders: Hatch First 

Get SALT Encoding   

  12  0:00  Drone  
  13  0:13  Overlord  
  13  0:17  Drone  
  14  0:32  Overlord  
  14  0:33  Drone  
  15  0:43  Drone  
  16  0:57  Hatchery  
  16  1:02  Drone  
  16  1:10  Drone  
  16  1:11  Drone  
  18  1:23  Drone  
  19  1:27  Spawning Pool  
  19  1:32  Drone  
  19  1:41  Drone  
  19  1:45  Extractor  
  19  1:52  Drone  
  20  2:04  Drone  
  21  2:13  Queen x2  
  21  2:15  Drone x2  
  27  2:27  Drone x2, Spine Crawler  
  28  2:31  Drone  
  29  2:54  Overlord  
  29  3:01  Baneling Nest  
  29  3:03  Evolution Chamber  
  29  3:05  Drone x5  
  32  3:22  Evolution Chamber  
  32  3:26  Drone x9  
  40  3:37  Queen  
  40  3:40  Zerg Missile Weapons Level 1  
  42  3:58  Drone  
  42  3:59  Drone  
  42  4:01  Overlord x2  
  42  4:02  Roach Warren  
  43  4:03  Extractor  
  43  4:04  Extractor  
  41  4:10  Lair  
  41  4:13  Pneumatized Carapace  
  41  4:15  Drone x3  
  44  4:17  Overlord x2  
  44  4:29  Drone x3  
  53  4:45  Roach x3  
  53  4:46  Roach x2  
  57  4:53  Roach x5  
  67  5:23  Overlord  
  67  5:24  Overlord x2  
  67  5:30  Drone  
  68  5:42  Roach x7  
  82  5:43  Glial Reconstitution  
  82  6:15  Drone x8  
  90  6:23  Hydralisk Den  
  90  6:25  Infestation Pit  
  88  6:30  Drone x2  
  90  6:45  Hatchery  
  83  6:57  Drone x8  
  65  7:17  Roach  
  65  7:18  Roach x3  
  73  7:28  Roach  
  73  7:29  Roach  
  77  7:42  Spine Crawler  
  77  7:43  Spine Crawler  
  75  7:45  Spine Crawler  
  75  7:47  Spine Crawler x2  
  75  7:48  Roach x2  
  76  7:52  Extractor  
  76  7:53  Roach x5  
  76  7:54  Roach x2  
  79  8:01  Roach  
Tags
 
Matchup
ZvZ
Race
Zerg
Replay Pack
10.7.19
Spawn Locations
Cross Positions
Add a new tag
Caveats
  • Supply blocks, unpowered buildings, or Contaminate may cause inaccurate times.
  • Supply counts are checked every 10 seconds.